 Dungeon Crawl Stone Soup version 0.28.0-43-g3370ac3207 (webtiles) character file.

Game seed: 13888890263101136423

36 Gabide the Grave Robber (level 3, -3/26 HPs)
             Began as a Mummy Necromancer on Mar 4, 2022.
             Slain by a gnoll
             ... wielding a +0 halberd
              (15 damage)
             ... on level 1 of the Dungeon.
             The game lasted 00:01:45 (1575 turns).

Gabide the Grave Robber (Mummy Necromancer)         Turns: 1575, Time: 00:01:45

Health: -3/26      AC:  2    Str: 11    XL:     3   Next: 19%
Magic:  1/7        EV: 12    Int: 16    God:
Gold:   61         SH:  0    Dex: 12    Spells: 7/8 levels left

rFire   x . .      SeeInvis .   (no weapon)
rCold   + . .      Faith    .   (no shield)
rNeg    + + +      Spirit   .   a - +0 robe
rPois   ∞          Reflect  .   (no helmet)
rElec   .          Harm     .   (no cloak)
rCorr   .          Rampage  .   (no gloves)
Will    .....                   (no boots)
Stlth   ++........              (no amulet)
HPRegen 0.08/turn               (no ring)
MPRegen 0.10/turn               (no ring)

@: no status effects
A: cold resistance 1, negative energy resistance 3, torment resistance 2, heat
vulnerability 1, no potions
a: no special abilities


You were on level 1 of the Dungeon.
You visited 1 branch of the dungeon, and saw 2 of its levels.

You collected 61 gold pieces.

Inventory:

Armour
 a - a +0 robe (worn)
Jewellery
 c - a ring of protection from fire
Scrolls
 b - a scroll of blinking {unknown}
 d - a scroll of identify {unknown}


   Skills:
 * Level 1.0 Fighting
 * Level 1.8 Dodging
 + Level 1.6 Stealth
 * Level 3.0 Spellcasting
 * Level 4.6 Necromancy


You had 7 spell levels left.
You knew the following spells:

 Your Spells              Type           Power      Damage    Failure   Level
a - Pain                  Necr           68%        1d7       2%          1

Your spell library contained the following spells:

 Spells                   Type           Power      Damage    Failure   Level
 Animate Skeleton         Necr           34%        N/A       2%          1
 Vampiric Draining        Necr           17%        2d7       9%          3
 Animate Dead             Necr           8%         N/A       28%         4
 Agony                    Necr           17%        N/A       61%         5


Dungeon Overview and Level Annotations

Branches:
Dungeon (2/15)

Altars:


Innate Abilities, Weirdness & Mutations

You are immune to poison.
Your flesh is cold resistant. (rC+)
You are immune to negative energy. (rN+++)
You are immune to unholy pain and torment.
You are vulnerable to heat. (rF-)
You do not drink.


Message History

There is a stone staircase leading down here.
Key pressed, stopping explore.
Key pressed, stopping explore.
Key pressed, stopping explore.
Done exploring.
Done exploring.
Done exploring.
Done exploring.
Done exploring.
Done exploring.
No target in view!
No target in view!
You see here a frilled lizard corpse.
There is a stone staircase leading down here.
You climb downwards.
The gnoll shouts! x2; The hobgoblin shouts!
The gnoll shouts!
There is a stone staircase leading up here.
The gnoll misses you. The gnoll closely misses you.
The gnoll hits you with a +0 club!
You climb upwards.
There is a stone staircase leading down here.
The gnoll misses you. The gnoll closely misses you.
The gnoll barely misses you. The gnoll completely misses you.
The gnoll writhes in agony.
The gnoll writhes in agony.
The gnoll barely misses you. The gnoll completely misses you.
The gnoll writhes in agony.
You kill the gnoll!
The gnoll closely misses you.
You have reached level 3!
Your experience leads to an increase in your attributes!
Increase (S)trength, (I)ntelligence, or (D)exterity?
You feel clever. x2
The gnoll writhes in agony.
The gnoll closely misses you.
The gnoll writhes in agony.
The gnoll hits you from afar with a +0 spear.
The gnoll hits you from afar with a +0 halberd!
Ouch! That really hurt!
You die...

.......#.#.....#########.........
#.####.†.........# #.........
#.## #.####.####.## #.........
...# #.#!#...#.#..##########.....
##.# #.##.....##.........# #.###.
#.###.#.......#.#####.### #.# #.
#.......!.....gg# #.### #.# ##
####..#..(....#)# ###...# #.#
#..##.....##@###...#.# #.#
#..#.#...#.#.....#.#.###.#
#..####.####.#...#.#.#...#
##.................#÷#.###
###.#..##...#.......#.#
#..)....#.#.........#
###.......#....(.####
#.#######.#....##### ####....#
#..........#


You could see 2 gnolls.

Vanquished Creatures
  A gnoll (D:1)
  4 ball pythons (D:1)
  A bat (D:1)
  3 endoplasms (D:1)
  A giant cockroach (D:1)
  3 goblins (D:1)
  2 hobgoblins (D:1)
  3 jackals (D:1)
  A frilled lizard (D:1)
  3 kobolds (D:1)
  A rat (D:1)
23 creatures vanquished.

Notes
Turn   | Place    | Note
-------+----------+-------------------------------------------
     0 | D:1      | Gabide the Mummy Necromancer began the quest for the Orb.
     0 | D:1      | Reached XP level 1. HP: 13/13 MP: 4/4
   239 | D:1      | Reached skill level 1 in Fighting
   245 | D:1      | Reached XP level 2. HP: 13/21 MP: 0/5
   881 | D:1      | Found a faded altar of an unknown god.
  1574 | D:1      | Reached XP level 3. HP: 18/26 MP: 3/7
  1575 | D:1      | Slain by a gnoll

Illustrated notes

Levels and vault maps discovered:
D:1:      mainiacjoe_arrival_reflecting_pool, layout_basic,
          shapermc_ecumenical_altar_petra, minmay_nonomino_d4
D:2:      layout_loops_ring, uniq_terence

Skill      XL: |  1  2 |
---------------+-------+-----
Fighting       | 1 |  1.0
Spellcasting   | 3 |  3.0
Dodging        | |  1.8
Stealth        | |  1.6
Necromancy     | |  4.6

Action                   || total
-------------------------++-------
Melee: Unarmed           ||    14
 Cast: Pain              ||    43
Armor: Robe              ||     2
Dodge: Dodged            ||    24
